 Dungeon Crawl Stone Soup version 0.32-a0-392-gb00f77f (webtiles) character file.

Game seed: 1413071683681990837

25 Dorkslayer the Trooper (level 2, 0/26 HPs)
             Began as a Mountain Dwarf Fighter on Feb 19, 2024.
             Succumbed to a kobold's poison
             ... on level 2 of the Dungeon.
             The game lasted 00:01:33 (825 turns).

Dorkslayer the Trooper (Mountain Dwarf Fighter)      Turns: 825, Time: 00:01:33

Health: 0/26       AC:  6    Str: 18    XL:     2   Next: 82%
Magic:  2/2        EV:  8    Int:  8    God:
Gold:   46         SH:  8    Dex:  9    Spells: 1/1 levels left

rFire   . . .        a - +0 war axe
rCold   . . .        e - +0 kite shield
rNeg    + . .        b - +0 scale mail
rPois   .            (no helmet)
rElec   .            (no cloak)
rCorr   .            (no gloves)
SInv    .            (no boots)
Will    .....        (no amulet) Stlth
                     j - ring of positive energy
HPRegen 0.24/turn    (no ring)
MPRegen 0.08/turn

%: no passive effects
@: lethally poisoned (0 -> -17)
A: runic magic, artefact enchanting
a: no special abilities


You were on level 2 of the Dungeon.
You visited 1 branch of the dungeon, and saw 2 of its levels.

You collected 46 gold pieces.

Inventory:

Hand Weapons
 a - a +0 war axe (weapon)
 g - a +0 mace
Armour
 b - a +0 scale mail (worn)
 e - a +0 kite shield (worn)
Jewellery
 j - a ring of positive energy (left hand)
Scrolls
 c - a scroll of summoning {unknown}
Potions
 d - 2 potions of might
 f - a potion of brilliance {unknown}
 h - a potion of attraction {unknown}
 i - 2 potions of curing {unknown}


   Skills:
 + Level 3.5 Fighting
 + Level 2.8 Axes
 + Level 3.5 Armour
 * Level 0.5 Dodging
 + Level 3.5 Shields


You had one spell level left.
You didn't know any spells.
Your spell library contained the following spells:

 Spells                   Type           Power      Damage    Failure   Level
 Summon Small Mammal      Summ           0%         N/A       83%         1
 Call Canine Familiar     Summ           0%         N/A       99%         3
 Summon Blazeheart Golem  Fire/Summ      0%         N/A       100%        4


Dungeon Overview and Level Annotations

Branches:
Dungeon (2/15)

Altars:


Innate Abilities, Weirdness & Mutations

Your spellcasting is much less encumbered by armour.
You can use scrolls of enchantment on lesser artefacts.


Message History

You see here a rat corpse.
Done exploring.
Done exploring.
You open the door.
There is an open door here.
There is a stone staircase leading down here.
You climb downwards.
There is a stone staircase leading up here.
i - 2 fizzy blue potions
j - a ring of positive energy
j - a ring of positive energy (left hand)
A kobold comes into view.
It is wielding a +2 short sword of venom.
You block the kobold's attack.
You closely miss the kobold. You block the kobold's attack.
The kobold barely misses you.
You barely miss the kobold. The kobold hits you but does no damage.
You are poisoned.
You miss the kobold.
You feel very sick.
The kobold hits you with a +2 short sword of venom.
The kobold hits you but does no damage.
You closely miss the kobold.
You feel sick. The kobold hits you but does no damage.
You are more poisoned.
You closely miss the kobold.
You feel very sick. You block the kobold's attack. The kobold misses you.
You miss the kobold.
You feel very sick. The kobold hits you but does no damage.
You are lethally poisoned!
You closely miss the kobold.
* * * LOW HITPOINT WARNING * * *
You feel very sick. The kobold barely misses you.
The kobold hits you with a +2 short sword of venom.
* * * LOW HITPOINT WARNING * * *
You are more poisoned.
You miss the kobold.
You die...

############
......K@...#
######
.#########.#
#..... ##.##
#####..#..
##...###.....###.
#........###..#..
#....##### #.....
#.#.## ######
#.#.# #.#..


You could see a kobold.

Vanquished Creatures
  An endoplasm (D:1)
  5 goblins (D:1)
  A hobgoblin (D:1)
  2 ball pythons (D:1)
  A frilled lizard (D:1)
  A kobold (D:1)
  3 rats (D:1)
14 creatures vanquished.

Notes
Turn   | Place    | Note
-------+----------+-------------------------------------------
     0 | D:1      | Dorkslayer the Mountain Dwarf Fighter began the quest for
                  | the Orb.
     0 | D:1      | Reached XP level 1. HP: 19/19 MP: 1/1
   349 | D:1      | Reached XP level 2. HP: 24/26 MP: 2/2
   825 | D:2      | Succumbed to a kobold's poison

Illustrated notes

Levels and vault maps discovered:
D:1:      ncdulo_lavacross, layout_loops_corners, hex_large
D:2:      layout_loops_ring, shapermc_ecumenical_altar_starsandcircs,
          basic_altar, minivault_4, uniq_crazy_yiuf_cottage

Action                     || total
---------------------------++-------
  Melee: War axe           ||    34
 Armour: Scale mail        ||    16
  Dodge: Dodged            ||     8
  Block: Kite shield       ||    15

Table legend: (Time is in decaauts)
 A = Elapsed time spent in this place.
 B = Non-inter-level travel time spent in this place.
 C = Inter-level travel time spent in this place.
 D = Time resting spent in this place.
 E = Time spent auto-exploring this place.
 F = Levels seen in this place.
 G = Mean time per level.
                   A        B        C        D        E       F      G
               +--------+--------+--------+--------+--------+-----+--------+
         Total |    841 |    841 |      0 |      0 |    530 |   2 |  420.5 |
       Dungeon |    841 |    841 |      0 |      0 |    530 |   2 |  420.5 |
               +--------+--------+--------+--------+--------+-----+--------+

Top non-repeatable levels by time:
     D:1: 796 daAuts
     D:2: 44 daAuts
